 Dungeon Crawl Stone Soup version 0.28.0-49-g6dfe1f597d (webtiles) character file.

Game seed: 2846850941106841402

2004 pkoi the Ruffian (level 8, 0/67 HPs)
             Began as a Demigod Gladiator on May 11, 2022.
             Slain by a two-headed ogre
             ... wielding a +0 giant spiked club
              (25 damage)
             ... on level 7 of the Dungeon.
             The game lasted 00:15:30 (10197 turns).

pkoi the Ruffian (Demigod Gladiator)               Turns: 10197, Time: 00:15:30

Health: 0/67       AC: 10    Str: 19    XL:     8   Next: 71%
Magic:  13/13      EV: 13    Int: 14    God:
Gold:   277        SH:  0    Dex: 15    Spells: 1/9 levels left

rFire   . . .      SeeInvis .     - Unarmed
rCold   + . .      Faith    .   (no shield)
rNeg    . . .      Spirit   .   v - +1 leather armour {rC+}
rPois   +          Reflect  .   b - +1 helmet
rElec   .          Harm     .   (no cloak)
rCorr   .          Rampage  .   (no gloves)
Will    .....                   (no boots)
Stlth   +.........              (no amulet)
HPRegen 0.21/turn               l - ring of poison resistance
MPRegen 0.13/turn               C - +4 ring of protection

@: studying Conjurations
A: high MP 1, forlorn, divine attributes
a: no special abilities


You were on level 7 of the Dungeon.
You visited 1 branch of the dungeon, and saw 7 of its levels.
You also visited: Sewer.

You collected 277 gold pieces.

Inventory:

Hand Weapons
 e - a +0 club
 f - a +0 dagger
 i - a +1 vampiric spear
 m - a +2 dagger of speed
Missiles
 c - 3 throwing nets (quivered)
 n - 2 curare-tipped darts
 p - 27 poisoned darts
 E - 3 datura-tipped darts
Armour
 a - a +0 leather armour
 b - a +1 helmet (worn)
 g - a +0 ring mail
 v - a +1 leather armour of cold resistance (worn)
Jewellery
 h - a ring of flight
 j - a +6 ring of intelligence
 k - a ring of protection from cold
 l - a ring of poison resistance (left hand)
 s - a ring of wizardry
 y - a +6 ring of strength
 A - a ring of fire
 C - a +4 ring of protection (right hand)
Wands
 B - a wand of paralysis (13)
 F - a wand of iceblast (11)
Scrolls
 q - 2 scrolls of summoning
 r - 3 scrolls of teleportation
 z - a scroll of amnesia {unknown}
 D - a scroll of fog
Potions
 d - 2 potions of curing
 o - 3 potions of heal wounds
 t - a potion of mutation {unknown}
 u - 4 potions of flight {unknown}
 w - a potion of might {unknown}
 x - 3 potions of lignification {unknown}


   Skills:
 + Level 4.4 Fighting
 - Level 1.7 Throwing
 - Level 5.0 Armour
 - Level 4.0 Dodging
 - Level 1.0 Stealth
 * Level 7.6 Unarmed Combat
 - Level 1.4 Spellcasting
 - Level 2.5 Conjurations
 - Level 1.4 Hexes
 + Level 0.0 Evocations


You had one spell level left.
You knew the following spells:

 Your Spells              Type           Power      Damage    Failure   Level
a - Magic Dart            Conj           32%        1d4       11%         1
b - Dazzling Flash        Conj/Hex       12%        N/A       36%         3
c - Iskenderun's Mystic   Conj/Tloc      4%         2d3       86%         4

Your spell library contained the following spells:

 Spells                   Type           Power      Damage    Failure   Level
 Call Imp                 Summ           1%         N/A       41%         2
 Mephitic Cloud           Conj/Pois/Air  3%         N/A       52%         3
 Starburst                Conj/Fire      2%         6d3       100%        6
 Chain Lightning          Conj/Air       2%         3d2       100%        9
 Fire Storm               Conj/Fire      2%         8d1       100%        9
 Shatter                  Erth           0%         3d5*      100%        9


Dungeon Overview and Level Annotations

Branches:
Dungeon (7/15)              Sewer (visited)
 Temple: D:4-7

Shops:
D:1 *   D:3 !   D:5 *

Annotations:
D:4 1 runed translucent door, Crazy Yiuf


Innate Abilities, Weirdness & Mutations

You have an increased reservoir of magic. (+10% MP)
You shall have no god before yourself.
Your divine heritage dramatically boosts your attributes as you level up.


Message History

Done exploring.
Done exploring.
Done exploring.
Done exploring.
Done exploring.
(D) Dungeon
Where to? (Enter - D:4 @ (x,y), ? - help)
There is a stone staircase leading down here.
You climb downwards.
There is a stone staircase leading up here.
A two-headed ogre is nearby!
Unknown command.
The helpless two-headed ogre fails to defend itself.
You punch the two-headed ogre! You punch the two-headed ogre.
The two-headed ogre is moderately wounded.
You punch the two-headed ogre!
The two-headed ogre is heavily wounded.
The two-headed ogre misses you.
The two-headed ogre hits you with a +0 giant club!
You hit the two-headed ogre.
The two-headed ogre is heavily wounded.
The two-headed ogre barely misses you.
The two-headed ogre hits you with a +0 giant club.
* * * LOW HITPOINT WARNING * * *
You hit the two-headed ogre.
The two-headed ogre is heavily wounded.
The two-headed ogre barely misses you.
The two-headed ogre hits you with a +0 giant club!
* * * LOW HITPOINT WARNING * * *
You punch the two-headed ogre!
The two-headed ogre is severely wounded.
You barely miss the two-headed ogre.
The two-headed ogre is severely wounded.
The two-headed ogre hits you with a +0 giant spiked club!
* * * LOW HITPOINT WARNING * * *
The two-headed ogre closely misses you.
You punch the two-headed ogre!
The two-headed ogre is almost dead.
The two-headed ogre hits you with a +0 giant spiked club!!
You die...

##.#.
...
...
...
#.##
#..
#O#
#@#
#.#
#.#
#.#
...
...
...
##.##


You could see a two-headed ogre.

Vanquished Creatures
  A water moccasin (D:6)
  2 sky beasts
  A black bear (D:4)
  An ice beast (D:6)
  An ogre (D:6)
  3 necrophages
  A phantom (D:6)
  A bullfrog (D:5)
  4 kobold brigands (Sewer)
  A scorpion (D:4)
  A wyvern skeleton (D:5)
  3 jellies
  An orc priest (D:3)
  2 hounds
  3 iguanas
  Natasha (twice) (D:4 D:3)
  2 orc wizards (D:3)
  A hound skeleton (D:4)
  A howler monkey zombie (D:5)
  8 gnolls
  8 adders
  3 river rats (Sewer)
  2 ufetubi
  An adder skeleton (D:4)
  A worm (D:2)
  3 dart slugs
  11 orcs
  3 bats (D:1)
  5 endoplasms
  5 giant cockroaches
  4 hobgoblins
  8 jackals
  12 kobolds
  2 quokkas
  8 ball pythons
  6 frilled lizards
  7 goblins
  4 rats
133 creatures vanquished.

Vanquished Creatures (others)
  2 fungi (D:4)
  49 plants
51 creatures vanquished.

Grand Total: 184 creatures vanquished

Notes
Turn   | Place    | Note
-------+----------+-------------------------------------------
     0 | D:1      | pkoi the Demigod Gladiator began the quest for the Orb.
     0 | D:1      | Reached XP level 1. HP: 17/17 MP: 3/3
   131 | D:1      | Reached skill level 3 in Unarmed Combat
   440 | D:1      | Reached XP level 2. HP: 19/24 MP: 4/4
   615 | D:1      | Found Xonoef's General Store.
  1184 | D:1      | Reached skill level 1 in Armour
  1315 | D:2      | Reached XP level 3. HP: 17/29 MP: 5/5
  1992 | D:3      | Found Ciriux's Distillery.
  2180 | D:3      | Found a glowing drain.
  2218 | Sewer    | Entered a sewer
  2231 | Sewer    | Reached XP level 4. HP: 37/37 MP: 6/6
  2665 | Sewer    | Noticed a kobold brigand
  2667 | Sewer    | Identified a scroll of acquirement
  2667 | Sewer    | Acquired a manual of Conjurations
  2692 | Sewer    | Killed a kobold brigand
  2693 | Sewer    | Reached skill level 4 in Unarmed Combat
  2693 | Sewer    | Reached XP level 5. HP: 10/45 MP: 7/7
  3587 | Sewer    | Reached XP level 6. HP: 51/51 MP: 8/8
  4007 | Sewer    | Reached skill level 5 in Unarmed Combat
  5451 | D:3      | Learned a level 3 spell: Dazzling Flash
  6320 | D:4      | Reached skill level 1 in Conjurations
  6320 | D:4      | Reached XP level 7. HP: 55/57 MP: 10/10
  6445 | D:4      | Reached skill level 1 in Hexes
  6634 | D:4      | Noticed Natasha
  6651 | D:4      | Killed Natasha
  6652 | D:4      | Reached skill level 1 in Spellcasting
  6800 | D:4      | Noticed Natasha
  6835 | D:3      | Killed Natasha
  7463 | D:4      | Reached skill level 1 in Stealth
  7688 | D:4      | Reached skill level 6 in Unarmed Combat
  8383 | D:4      | Found a runed translucent door.
  8384 | D:4      | Noticed Crazy Yiuf
  8425 | D:5      | Entered Level 5 of the Dungeon
  8438 | D:5      | Reached XP level 8. HP: 48/63 MP: 13/13
  8614 | D:5      | Found Ugeafeang's Assorted Antiques.
  9153 | D:5      | Learned a level 4 spell: Iskenderun's Mystic Blast
  9181 | D:5      | Learned a level 1 spell: Magic Dart
  9185 | D:5      | Noticed a two-headed ogre
  9394 | D:6      | Reached skill level 5 in Armour
  9475 | D:6      | Reached skill level 7 in Unarmed Combat
 10190 | D:7      | Noticed a two-headed ogre
 10197 | D:7      | Slain by a two-headed ogre

Illustrated notes

Levels and vault maps discovered:
D:1:      psy_arrival_whirlpool, layout_rooms, serial_shops,
          nicolae_shop_statue_plus, ebering_ecumenical_altar_abandoned
D:2:      layout_basic
D:3:      layout_loops_ring, serial_shops, shop, portal_sewer_entry_a
D:4:      nicolae_BIG_FREAKIN_CUBE, layout_loops_corners,
          mainiacjoe_overflow_alcove_2, minmay_three_crescents,
          uniq_crazy_yiuf_cottage, uniq_natasha
D:5:      layout_rooms, serial_shops, nicolae_shop_overgrown_old_shop,
          lexackson_kobold_supper
D:6:      wander_river, layout_basic
D:7:      layout_loops_cross, minmay_temple_entry_waves

Skill      XL: |  1  2  3  4  5  6  7  8 |
---------------+-------------------------+-----
Unarmed Combat | 3 4 5 6 7 |  7.6
Fighting       | 2 3 4 |  4.4
Armour         | 1 2 3 4 5 |  5.0
Conjurations   | 1 2 |  2.5
Hexes          | 1 |  1.4
Spellcasting   | 1 |  1.4
Dodging        | 3 4 |  4.0
Stealth        | 1 |  1.0
Throwing       | |  1.7

Action                   |  1- 3 |  4- 6 |  7- 9 || total
-------------------------+-------+-------+-------++-------
Melee: Unarmed           |   103 |    13 |   206 ||   322
       Punch             |     7 |    21 |    21 ||    49
       Dagger            |    52 |   399 |    91 ||   542
       Spear             |    39 |       |       ||    39
 Cast: Magic Dart        |       |       |     1 ||     1
  Use: Scroll            |     3 |     4 |     2 ||     9
       Potion            |     3 |     1 |       ||     4
 Stab: Sleeping          |       |       |     3 ||     3
Armor: Leather armour    |    11 |       |    82 ||    93
       Ring mail         |    47 |    79 |     4 ||   130
Dodge: Dodged            |   107 |   122 |   174 ||   403
